 Dungeon Crawl Stone Soup version 0.26-a0-597-gb535b0901c (webtiles) character file.

Game seed: 3084051585758972281

(classic levelgen) 662 EnegeticOcto the Chopper (level 7, -1/64 HPs)
             Began as a Deep Dwarf Fighter on Sept 8, 2020.
             Killed by divine providence
             ... invoked by an orc priest
              (12 damage)
             ... on level 4 of the Dungeon.
             The game lasted 00:00:55 (1010 turns).

EnegeticOcto the Chopper (Deep Dwarf Fighter)       Turns: 1010, Time: 00:00:56

Health: -1/64      AC: 10    Str: 22    XL:     7   Next: 30%
Magic:  13/13 (4)  EV:  7    Int:  8    God:
Gold:   74         SH: 10    Dex: 12    Spells: 6/6 levels left

rFire    + . .     SeeInvis .   a - +0 war axe
rCold    x . .     Faith    .   c - +0 kite shield
rNeg     . . .     Spirit   .   b - +0 scale mail
rPois    .         Reflect  .   g - +2 helmet "Uskis" {MP+9}
rElec    .         Harm     .   (no cloak)
rCorr    +                      (no gloves)
MR       +....                  (no boots)
Stlth    ..........             (no amulet)
HPRegen  0.00/turn              f - ring of resist corrosion
MPRegen  0.13/turn              m - ring of fire

@: non-regenerating
A: damage resistance, heal wounds, sense surroundings 1, no regeneration
a: Heal Wounds


You were on level 4 of the Dungeon.
You visited 1 branch of the dungeon, and saw 4 of its levels.

You collected 74 gold pieces.

Inventory:

Hand Weapons
 a - a +0 war axe (weapon)
Armour
 b - a +0 scale mail (worn)
 c - a +0 kite shield (worn)
 g - the +2 helmet "Uskis" (worn) {MP+9}
   (You took it off Robin on level 3 of the Dungeon)

   It affects your magic capacity (+9).
Jewellery
 f - a ring of resist corrosion (left hand)
 m - a ring of fire (right hand)
Scrolls
 e - 4 scrolls of identify {unknown}
 h - a scroll of random uselessness {unknown}
 i - 2 scrolls of teleportation {unknown}
 l - 2 scrolls of blinking {unknown}
Potions
 d - a potion of might {@q3}
 j - a potion of heal wounds {unknown}
 k - a potion of curing {unknown}


   Skills:
 + Level 4.2 Fighting
 * Level 5.9 Axes
 + Level 5.0 Armour
 + Level 5.1 Shields


You had 6 spell levels left.
You didn't know any spells.
Your spell library was empty.

Dungeon Overview and Level Annotations

Branches:
Dungeon (4/15)
 Temple: D:4-7

Altars:


Innate Abilities, Weirdness & Mutations

You are resistant to damage.
You can heal yourself by infusing magical energy.
You passively map a small area around you.
You do not regenerate.


Message History

No target in view!
No target in view!
No target in view!
No target in view!
No target in view!
f - a ring of resist corrosion (left hand)
You feel more attuned to fire.
m - a ring of fire (right hand)
An orc comes into view.
The orc moves out of view.
Found 18 arrows.
You see here a worm corpse.
An iguana and an orc come into view.
The orc shouts!
An orc warrior comes into view. It is wielding a +0 dire flail.
An orc priest comes into view. It is wielding a +0 whip.
Found 9 gold pieces.
There are monsters nearby!
The orc warrior shouts!
The orc priest shouts!
You barely miss the iguana. You barely miss the orc.
The iguana bites you but does no damage.
You slash the iguana!
The iguana is almost dead.
You hit the orc. You block the orc's attack.
The orc warrior throws a boomerang.
The boomerang hits you.
The weapon returns to the orc warrior!
The iguana barely misses you.
The orc priest looks encouraged for a moment.
You hit the iguana.
You kill the iguana!
You hit the orc. You slash the orc!
You kill the orc!
You block the orc's attack.
The orc warrior throws a boomerang.
The boomerang hits you.
The weapon returns to the orc warrior!
The orc hits you but does no damage.
You hit the orc.
You kill the orc!
The orc warrior throws a boomerang.
The boomerang hits you.
The weapon returns to the orc warrior!
The orc priest invokes the aid of Beogh against you.
You resist with significant effort.
You closely miss the orc priest.
You hit the orc warrior but do no damage.
You block the orc priest's attack. You block the orc warrior's attack.
The orc priest hits you with a +0 whip.
You slash the orc priest!
The orc priest is severely wounded.
You hit the orc warrior.
The orc warrior hits you with a +0 dire flail!
The orc priest hits you but does no damage.
You hit the orc priest but do no damage.
The orc priest is severely wounded.
You hit the orc warrior. You block the orc priest's attack.
The orc warrior barely misses you.
You closely miss the orc priest.
The orc priest is severely wounded.
You closely miss the orc warrior.
The orc priest invokes the aid of Beogh against you.
Beogh smites you!
* * * LOW HITPOINT WARNING * * *
The orc warrior hits you with a +0 dire flail!
* * * LOW HITPOINT WARNING * * *
You are too injured to fight recklessly!
You are too injured to fight recklessly!
You are too injured to fight recklessly!
You are too injured to fight recklessly!
You are too injured to fight recklessly!
You are too injured to fight recklessly!
You are too injured to fight recklessly!
You are too injured to fight recklessly!
You are too injured to fight recklessly!
You are too injured to fight recklessly!
You are too injured to fight recklessly!
You are too injured to fight recklessly!
You are too injured to fight recklessly!
You are too injured to fight recklessly!
You are too injured to fight recklessly!
You are too injured to fight recklessly!
You are too injured to fight recklessly!
You are too injured to fight recklessly!
You are too injured to fight recklessly!
You are too injured to fight recklessly!
You are too injured to fight recklessly!
You are too injured to fight recklessly!
You fail to use your ability.
The orc priest hits you but does no damage.
You block the orc warrior's attack.
You feel much better.
The orc priest calls down the wrath of Beogh upon you.
Beogh smites you!
The orc warrior hits you with a +0 dire flail!
* * * LOW HITPOINT WARNING * * *
You are too injured to fight recklessly!
You are too injured to fight recklessly!
You are too injured to fight recklessly!
You are too injured to fight recklessly!
You are too injured to fight recklessly!
You fail to use your ability.
The orc priest invokes the aid of Beogh against you.
Beogh smites you!
You die...

.# #.......#...
..##..# (#
#.......##...
...#*..# ..
######..###......#
... .#
##..###..##.#* .##
.# #...######...
.. .#,
##.........# ** ..
* ###**####†#.....
.....####.###### *
, ......$@....# ,
......oo†...# * *
*
,................
,,
............#.## ,
.....####...#...
..... ...(# ### ,*
.... #.### * ....
.. * * * * **


You could see an orc warrior and an orc priest.

Vanquished Creatures
  Sigmund (D:4)
  2 phantoms (D:4)
  2 orc wizards
  An orc priest (D:3)
  A centaur skeleton (D:4)
  An iguana (D:4)
  Ijyb (D:4)
  Terence (D:3)
  A worker ant (D:4)
  Robin (D:3)
  A howler monkey skeleton (D:4)
  A worm (D:4)
  A dart slug (D:1)
  2 leopard geckos
  12 orcs
  A ball python (D:3)
  4 giant cockroaches
  13 goblins
  4 hobgoblins
  3 bats
  3 frilled lizards
  A jackal skeleton (D:3)
  5 kobolds (D:3)
  6 rats
69 creatures vanquished.

Vanquished Creatures (others)
  An orc wizard (D:4)
1 creature vanquished.

Grand Total: 70 creatures vanquished

Notes
Turn   | Place    | Note
-------+----------+-------------------------------------------
     0 | D:1      | EnegeticOcto the Deep Dwarf Fighter began the quest for the
                  | Orb.
     0 | D:1      | Reached XP level 1. HP: 20/20 MP: 1/1
     3 | D:1      | Noticed an electric eel
     3 | D:1      | Noticed an electric eel
    32 | D:1      | Reached XP level 2. HP: 27/27 MP: 2/2
   277 | D:3      | Identified the +2 helmet "Uskis" {MP+9}
   277 | D:3      | Noticed Robin
   285 | D:3      | Reached XP level 3. HP: 24/33 MP: 3/3
   295 | D:3      | Killed Robin
   449 | D:3      | Noticed Terence
   462 | D:3      | Killed Terence
   462 | D:3      | Reached XP level 4. HP: 40/42 MP: 4/4
   505 | D:3      | Reached XP level 5. HP: 38/49 MP: 4/4
   647 | D:4      | Noticed Sigmund
   683 | D:4      | Killed Sigmund
   683 | D:4      | Reached skill level 5 in Axes
   683 | D:4      | Reached XP level 6. HP: 22/57 MP: 5/5
   701 | D:4      | Noticed Ijyb
   735 | D:4      | Killed Ijyb
   820 | D:4      | Reached skill level 5 in Armour
   820 | D:4      | Reached skill level 5 in Shields
   820 | D:4      | Reached XP level 7. HP: 51/64 MP: 4/4
  1010 | D:4      | Killed from afar by an orc priest

Illustrated notes

Levels and vault maps discovered:
D:1:      arrival_aquarium_b, layout_loops_ring
D:2:      layout_loops_corners
D:3:      layout_basic, tso_oasis_becter, nicolae_overflow_hidden_temple,
          serial_glass, glass_columns_a, glass_columns_c, uniq_terence,
          uniq_robin
D:4:      layout_basic, fedhas_altar_3, minmay_cupped, uniq_sigmund, uniq_ijyb

Skill      XL: |  1  2  3  4  5  6 |
---------------+-------------------+-----
Axes           | 3 4 5 |  5.9
Fighting       | 3 4 |  4.2
Armour         | 4 5 |  5.0
Shields        | 4 5 |  5.1

Action                   |  1- 3 |  4- 6 |  7- 9 || total
-------------------------+-------+-------+-------++-------
Melee: War axe           |    82 |   102 |    31 ||   215
 Abil: Heal Wounds       |     1 |    10 |     1 ||    12
Armor: Scale mail        |    42 |    75 |    12 ||   129
Dodge: Dodged            |    23 |    42 |     8 ||    73
Block: Kite shield       |    43 |    64 |    10 ||   117

Table legend: (Time is in decaauts)
 A = Elapsed time spent in this place.
 B = Non-inter-level travel time spent in this place.
 C = Inter-level travel time spent in this place.
 D = Time resting spent in this place.
 E = Time spent auto-exploring this place.
 F = Levels seen in this place.
 G = Mean time per level.
                   A        B        C        D        E       F      G
               +--------+--------+--------+--------+--------+-----+--------+
         Total |   1087 |   1043 |     44 |      0 |    607 |   4 |  271.8 |
       Dungeon |   1087 |   1043 |     44 |      0 |    607 |   4 |  271.8 |
               +--------+--------+--------+--------+--------+-----+--------+

Top non-repeatable levels by time:
     D:4: 441 daAuts
     D:3: 376 daAuts
     D:1: 135 daAuts
     D:2: 134 daAuts
